AoeStats
← SS_Guxta

Fortress

510228701Analyzed
3v3 RM · 4d ago on Sep 30, 2026· 51m 16s· 6 players
Game mode
Random Map
Map size
Large (8 player)
Population
200
Speed
Normal
Resources
Standard
Victory
Conquest
Starting age
Dark Age
Ending age
Imperial Age
RankedLock teamsTeams togetherTeam positionsShared explorationLock speedFull tech treeHidden civsTurbo modeCheats
Victory
Defeat
🇺🇸 Saxons · United States
1670
+21
🇧🇷 Maya · Brazil
1650
+21
🇧🇷 Spanish · Brazil
1534
+26
🇨🇴 Inca · Colombia
1837
-25
🇦🇷 Vikings · Argentina
1771
-23
🇨🇴 Chinese · Colombia
1707
-20
vjotaSS
7:13 Feudal Age
11:01 Castle Age
9:22 Double-Bit Axe
13:31 Bow Saw
18:42 Loom
23:01 Imperial Age
21:27 Wheelbarrow
21:50 Horse Collar
22:01 Gold Mining
22:04 Stone Mining
23:23 Caravan
27:02 Hand Cart
27:06 Cavalier
27:56 Bloodlines
29:34 Scale Barding Armor
29:40 Forging
31:58 Hand Cart
35:34 Two-Man Saw
35:15 Elite Conquistador
36:47 Ballistics
37:30 Iron Casting
36:49 Light Cavalry
37:30 Husbandry
38:29 Hussar
42:50 Chain Barding Armor
44:29 Blast Furnace
43:46 Paladin
45:59 Plate Barding Armor
45:15 Fletching
47:22 Chemistry
47:17 Heavy Plow
SS_Guxta
7:07 Feudal Age
11:09 Castle Age
9:39 Double-Bit Axe
10:41 Horse Collar
12:26 Bow Saw
17:53 Wheelbarrow
18:00 Heavy Plow
20:21 Loom
20:51 Hand Cart
24:53 Imperial Age
22:30 Gold Mining
23:04 Scale Mail Armor
22:58 Stone Mining
23:23 Squires
23:08 Arson
23:31 Town Watch
24:01 Gambesons
24:28 Forging
25:29 Chain Mail Armor
25:50 Iron Casting
25:34 Elite Varangian Guard
27:39 Plate Mail Armor
28:09 Conscription
29:14 Shield Wall
30:55 Caravan
31:28 Fletching
33:51 Hoardings
34:07 Masonry
36:18 Architecture
37:02 Coinage
37:41 Bodkin Arrow
38:22 Gold Shaft Mining
38:48 Two-Man Saw
38:56 Chemistry
40:46 Bracer
40:24 Capped Ram
42:57 Banking
42:54 Guilds
45:17 Crop Rotation
45:05 Padded Archer Armor
45:30 Ballistics
45:18 Cranequins
46:04 Thumb Ring
46:16 Leather Archer Armor
45:46 Heavy Mounted Crossbowman
48:00 Ring Archer Armor
SS_T3q
7:03 Feudal Age
11:03 Castle Age
9:15 Double-Bit Axe
9:34 Horse Collar
12:35 Bow Saw
15:49 Loom
16:44 Wheelbarrow
19:32 Heavy Plow
19:24 Gold Mining
19:25 Stone Mining
24:50 Imperial Age
22:15 Fletching
22:25 Padded Archer Armor
23:14 Hand Cart
22:44 Town Watch
23:49 Bodkin Arrow
24:10 Leather Archer Armor
24:46 Scale Mail Armor
24:56 Forging
24:52 Squires
24:37 Arson
24:13 Eagle Warrior
25:33 Bracer
26:07 Ring Archer Armor
26:38 Chemistry
26:33 Conscription
26:43 Ballistics
26:39 Elite Plumed Archer
28:09 Fortified Wall
28:41 Scale Mail Armor
28:52 Forging
29:40 Caravan
29:56 Chain Mail Armor
29:03 Elite Eagle Warrior
30:15 Chain Mail Armor
31:05 Iron Casting
31:17 Holcans
32:06 Plate Mail Armor
31:52 Masonry
31:42 Capped Ram
33:57 Coinage
34:30 Blast Furnace
33:11 Siege Ram
35:21 Banking
35:26 Banking
35:07 Guilds
36:15 Crop Rotation
36:46 Two-Man Saw
40:27 Thumb Ring
41:16 Elite Skirmisher
42:40 Hul'che Javelineers
Negro Raymundo
0:47 Loom
6:57 Feudal Age
11:05 Castle Age
9:16 Double-Bit Axe
13:28 Horse Collar
16:57 Bow Saw
18:59 Heavy Plow
24:54 Imperial Age
23:36 Wheelbarrow
23:27 Gold Mining
24:33 Scale Barding Armor
24:56 Forging
24:58 Cavalier
26:01 Bloodlines
26:21 Chain Barding Armor
26:24 Husbandry
27:30 Iron Casting
27:38 Gold Shaft Mining
28:44 Plate Barding Armor
30:12 Blast Furnace
30:15 Two-Man Saw
29:36 Fletching
30:00 Padded Archer Armor
30:35 Hand Cart
30:05 Town Watch
31:42 Bodkin Arrow
32:09 Ballistics
32:50 Chemistry
32:45 Leather Archer Armor
32:21 Elite Chu Ko Nu
33:22 Conscription
33:28 Bracer
34:52 Ring Archer Armor
37:59 Fortified Wall
37:45 Murder Holes
42:31 Light Cavalry
46:37 Thumb Ring
46:06 Elite Skirmisher
47:11 Caravan
[CLB]PEGASO
7:59 Feudal Age
8:49 Double-Bit Axe
11:40 Castle Age
12:51 Bow Saw
13:58 Wheelbarrow
17:16 Horse Collar
23:42 Imperial Age
21:43 Fletching
22:25 Hand Cart
22:47 Bodkin Arrow
22:19 Crossbowman
24:23 Bracer
25:25 Chemistry
23:47 Arbalester
24:42 Thumb Ring
25:08 Conscription
24:52 Padded Archer Armor
25:30 Town Watch
26:56 Leather Archer Armor
27:07 Ballistics
27:05 Elite Skirmisher
30:01 Scale Mail Armor
30:12 Forging
30:35 Ring Archer Armor
30:06 Scale Mail Armor
30:08 Squires
29:29 Champi Runner
30:51 Loom
30:42 Champi Warrior
31:08 Arson
31:56 Fabric Shields
31:30 Elite Champi Warrior
33:35 Chain Mail Armor
33:31 Forging
35:39 Plate Mail Armor
35:46 Iron Casting
36:12 Fortified Wall
35:57 Murder Holes
36:14 Masonry
37:53 Caravan
39:53 Blast Furnace
41:12 Hoardings
42:42 Pikeman
45:01 Halberdier
49:51 Andean Sling
Magio | Voy Pocker
8:15 Feudal Age
11:59 Castle Age
9:48 Horse Collar
10:01 Double-Bit Axe
12:54 Heavy Plow
13:06 Bow Saw
14:38 Loom
16:44 Gold Mining
18:14 Town Watch
21:47 Imperial Age
19:59 Squires
20:51 Gold Shaft Mining
20:50 Scale Mail Armor
21:58 Capped Ram
22:58 Chain Mail Armor
24:39 Plate Mail Armor
26:24 Elite Varangian Guard
27:55 Forging
30:32 Iron Casting
31:33 Man-at-Arms
34:04 Blast Furnace
32:25 Long Swordsman
33:15 Two-Handed Swordsman
35:40 Caravan
41:31 Champion
44:22 Arson
Connection lost

Rejoining the realm…

Still unreachable

The connection could not be restored.

Session expired

The server has moved on; the page needs a fresh start.